AoeStats
← Dragon Extreme

Arabia

510251325Analyzed
1v1 RM · 15h ago on Sep 30, 2026· 50m 0s· 2 players
Game mode
Random Map
Map size
Tiny (2 player)
Population
200
Speed
Normal
Resources
Standard
Victory
Conquest
Starting age
Dark Age
Ending age
Imperial Age
RankedLock teamsTeams togetherTeam positionsShared explorationLock speedFull tech treeHidden civsTurbo modeCheats
Victory
Defeat
🇨🇴 Spanish · Colombia
1439
+16
🇺🇸 Franks · United States
1439
-16
AttiladaHun
5:46 Loom
9:01 Feudal Age
9:55 Double-Bit Axe
20:02 Castle Age
19:32 Scale Barding Armor
19:37 Forging
20:01 Gold Mining
22:34 Husbandry
22:53 Bow Saw
26:45 Chain Barding Armor
29:01 Wheelbarrow
29:15 Fletching
29:25 Padded Archer Armor
29:15 Elite Skirmisher
30:13 Bodkin Arrow
38:39 Leather Archer Armor
39:23 Ballistics
42:56 Imperial Age
45:03 Plate Barding Armor
45:04 Iron Casting
43:52 Cavalier
46:53 Paladin
49:39 Blast Furnace
Dragon Extreme
6:21 Loom
8:35 Feudal Age
9:02 Double-Bit Axe
16:13 Gold Mining
20:50 Castle Age
20:06 Padded Archer Armor
22:18 Leather Archer Armor
24:31 Husbandry
26:25 Fervor
31:19 Gold Mining
32:50 Redemption
33:26 Inquisition
34:31 Scale Barding Armor
36:42 Wheelbarrow
41:15 Imperial Age
39:23 Hand Cart
40:11 Chain Barding Armor
40:39 Town Watch
41:31 Ballistics
41:47 Forging
41:21 Cavalier
42:38 Plate Barding Armor
42:31 Block Printing
42:52 Theocracy
42:43 Illumination
42:57 Conscription
43:18 Bloodlines
42:52 Capped Ram
42:57 Paladin
44:27 Iron Casting
44:24 Sanctity
46:10 Chemistry
46:42 Blast Furnace
47:24 Chemistry
47:20 Fletching
49:00 Bodkin Arrow
48:32 Light Cavalry
Connection lost

Rejoining the realm…

Still unreachable

The connection could not be restored.

Session expired

The server has moved on; the page needs a fresh start.